[Event "Titled Tuesday Blitz May 30 Late 2023"]
[White "Korchmar, Vasiliy"]
[Black "Pakleza, Zbigniew"]
[WhiteFideId "24131750"]
[BlackFideId "1119290"]
[WhiteElo "2370"]
[BlackElo "2410"]
[Result "1-0"]
[Round "07"]
[TimeControl "180+2"]
[Date "2023.05.31"]
[WhiteClock "0:00:06"]
[BlackClock "0:00:04"]

1. e4 d6 2. d4 Nf6 3. Bd3 e5 4. c3 d5 5. dxe5 dxe4 6. Bc2 Qxd1+ 7. Bxd1 Ng4 8. Bf4 Nc6 9. Bxg4 Bxg4 10. Nd2 Bf5 11. Ne2 Bg6 12. Ng3 O-O-O 13. O-O-O Re8 14. h4 h6 15. h5 Bh7 16. Ndxe4 Nxe5 17. Rhe1 f6 18. f3 b6 19. Re2 Bg8 20. Red2 Bxa2 21. Bxe5 fxe5 22. Nf5 Be6 23. Nh4 Rg8 24. Ng6 Be7 25. Nxe5 Bb3 26. Rf1 Kb7 27. Rd7 a5 28. Ng6 Bc5 29. Nxc5+ bxc5 30. Nf4 a4 31. Kd2 Re5 32. Re1 Rf5 33. g3 Rc8 34. Ree7 Rg5 35. Rxg7 Re5 36. Rde7 Rf5 37. Ke3 Kb6 38. Rg6+ Kb7 39. Rxh6 Rff8 40. Rhh7 Rfd8 41. g4 Rd1 42. g5 Re1+ 43. Kf2 Rb1 44. Re2 Bc4 45. Rd2 Rf8 46. Ng6 Rf5 47. h6 Rf1+ 48. Ke3 R5xf3+ 49. Ke4 Rh3 50. Rg7 Re1+ 51. Kf4 Rg1 52. h7 Rgh1 53. Ne5 Rh4+ 54. Kf5 Ba2 55. g6 Bb1+ 56. Kf6 Rf1+ 57. Ke7 Re4 58. Rd5 c6 59. Rxc5 Kb6 60. b4 axb3 61. Rxc6+ Kb5 62. Re6 b2 63. h8=Q Rxe5 64. Rxe5+ Kc4 65. Qc8+ Kd3 66. Qd7+ Kc2 67. Re2+ Kxc3 68. Rxb2 Re1+ 69. Kd8 Kxb2 70. Qd2+ Ka1 71. Qxe1 Kb2 72. Rb7+ Ka1 73. Qxb1# 1-0


[Site "https://www.chess.com"]

[Event "Titled Tuesday Blitz May 30 Late 2023"]
[White "Bitoon, Richard"]
[Black "Mekhitarian, Krikor Sevag"]
[WhiteFideId "5201110"]
[BlackFideId "2107660"]
[WhiteElo "2374"]
[BlackElo "2604"]
[Result "0-1"]
[Round "07"]
[TimeControl "180+2"]
[Date "2023.05.31"]
[WhiteClock "0:01:32"]
[BlackClock "0:01:10"]

1. e4 e6 2. d4 d5 3. Nd2 c5 4. exd5 Qxd5 5. dxc5 Qxc5 6. Ngf3 Nf6 7. Bd3 Nbd7 8. Qe2 Qc7 9. c3 b6 10. O-O Bb7 11. Ba6 Be7 12. Bxb7 Qxb7 13. Nc4 O-O 14. Rd1 b5 15. Nce5 Nxe5 16. Nxe5 h6 17. a4 a6 18. Be3 Rfd8 19. Rxd8+ Rxd8 20. axb5 axb5 21. Ra7 Qe4 22. Rxe7 Qb1+ 0-1


[Site "https://www.chess.com"]

[Event "Titled Tuesday Blitz May 30 Late 2023"]
[White "Yanchenko, Roman"]
[Black "Lopez Mulet, Inigo"]
[WhiteFideId "4137329"]
[BlackFideId "22235620"]
[WhiteElo "2491"]
[BlackElo "2289"]
[Result "0-1"]
[Round "07"]
[TimeControl "180+2"]
[Date "2023.05.31"]
[WhiteClock "0:00:19"]
[BlackClock "0:01:41"]

1. d4 Nf6 2. Bf4 b6 3. e3 Bb7 4. h3 e6 5. Nf3 d5 6. a3 Bd6 7. Bxd6 cxd6 8. c4 O-O 9. Nc3 Nbd7 10. Rc1 Rc8 11. cxd5 Nxd5 12. Nxd5 Rxc1 13. Qxc1 Bxd5 14. Be2 Qa8 15. O-O Rc8 16. Qd2 Be4 17. Rc1 Nf6 18. Ne1 Bb7 19. f3 Kf8 20. e4 Rxc1 21. Qxc1 Qc8 22. Qxc8+ Bxc8 23. Kf2 Ke7 24. Ke3 Nd7 25. Bb5 Bb7 26. Bxd7 Kxd7 27. f4 f5 28. exf5 exf5 29. g4 Ke6 30. Nd3 Be4 31. Nf2 Bd5 32. Kd2 Bg2 33. Kd3 Bf1+ 34. Ke3 g6 35. g5 Kd5 36. h4 Kc4 37. Nh1 Kb3 38. Ng3 Bc4 39. h5 Bf7 40. d5 Kxb2 41. a4 Kb3 42. Kd4 Kxa4 43. h6 b5 44. Ne2 b4 45. Kc4 a5 46. Nd4 b3 47. Nxb3 Bxd5+ 48. Kxd5 Kxb3 49. Kxd6 a4 50. Ke7 a3 51. Kf7 a2 52. Kg7 a1=Q+ 53. Kxh7 Kc4 54. Kg8 Qa8+ 55. Kg7 Qb7+ 56. Kxg6 Qc6+ 57. Kg7 Qd7+ 58. Kg8 Qe6+ 59. Kg7 Qe7+ 60. Kg8 Qd8+ 61. Kg7 Qc7+ 62. Kg8 Qxf4 63. h7 Qxg5+ 64. Kh8 Qh6 65. Kg8 f4 0-1


[Site "https://www.chess.com"]

[Event "Titled Tuesday Blitz May 30 Late 2023"]
[White "Pulpan, Jakub"]
[Black "MKlose11"]
[WhiteFideId "302759"]
[WhiteElo "2484"]
[BlackElo "2604"]
[Result "1-0"]
[Round "07"]
[TimeControl "180+2"]
[Date "2023.05.31"]
[WhiteClock "0:00:14"]
[BlackClock "0:00:12"]

1. h3 Nf6 2. Nf3 d5 3. b3 g6 4. Bb2 Bg7 5. e3 O-O 6. Be2 c5 7. O-O Nc6 8. Ne5 Nxe5 9. Bxe5 b6 10. d3 Bb7 11. Nd2 Rc8 12. c4 Qd7 13. Qc2 Rfd8 14. Rfd1 Qe6 15. Qb2 d4 16. exd4 cxd4 17. Bxf6 Bxf6 18. Bg4 Qc6 19. Bf3 Qc7 20. Bxb7 Qxb7 21. b4 Bg7 22. Re1 e5 23. a4 h6 24. a5 b5 25. c5 a6 26. Ne4 Qd5 27. Nd6 Rc7 28. Ne4 f5 29. Nd2 Kh7 30. Re2 Re7 31. Rae1 Rde8 32. Qb3 Qc6 33. Qc2 Qd5 34. Qb1 Bf6 35. Nf1 h5 36. Nd2 Kg7 37. Qb3 Qc6 38. Kf1 g5 39. Qc2 g4 40. f3 gxh3 41. gxh3 Bh4 42. Rg2+ Kh7 43. Ree2 Rf8 44. Kg1 Rff7 45. Qb3 Rg7 46. Qa2 Bg3 47. Nf1 Bf4 48. Rf2 Rd7 49. Rxg7+ Rxg7+ 50. Rg2 Qxf3 51. Rxg7+ Kxg7 52. Qg2+ Qxg2+ 53. Kxg2 e4 54. Ng3 Bxg3 55. Kxg3 exd3 56. c6 d2 57. c7 d1=Q 58. c8=Q Qd3+ 59. Kg2 Qe4+ 60. Kh2 Qe5+ 61. Kg2 Kf6 62. Qh8+ Ke6 63. Qg8+ Kd6 64. Qb8+ Kd5 65. Qb7+ Kc4 66. Qxa6 Qe2+ 67. Kg3 d3 68. Qc6+ Kxb4 69. Qd6+ Kc3 70. a6 Qe3+ 71. Kh4 Qd4+ 72. Qxd4+ Kxd4 73. a7 d2 74. a8=Q Kc3 75. Qd8 Kc2 76. Qc7+ Kb2 77. Qd7 Kc1 78. Qc6+ Kd1 79. Qxb5 f4 80. Qf1+ Kc2 81. Qc4+ Kb2 82. Qd4+ Kc1 83. Qc3+ Kd1 84. Kg5 Ke2 85. Qe5+ Kd3 86. Qxf4 d1=Q 87. Qd6+ Ke2 88. Qxd1+ Kxd1 89. Kxh5 Ke2 90. h4 Ke3 91. Kg6 Ke4 92. h5 Ke5 93. h6 Ke6 94. h7 Ke7 95. h8=Q Ke6 96. Qh5 Kd6 97. Qf5 1-0


[Site "https://www.chess.com"]

[Event "Titled Tuesday Blitz May 30 Late 2023"]
[White "Panesar Vedant"]
[Black "Mustafayev, Farid"]
[WhiteFideId "35033018"]
[BlackFideId "13408771"]
[WhiteElo "2347"]
[BlackElo "2197"]
[Result "1-0"]
[Round "07"]
[TimeControl "180+2"]
[Date "2023.05.31"]
[WhiteClock "0:00:14"]
[BlackClock "0:00:03"]

1. e4 c5 2. Nf3 a6 3. c3 Nf6 4. e5 Nd5 5. d4 cxd4 6. cxd4 e6 7. Bc4 d6 8. O-O Nc6 9. Qe2 Be7 10. Nc3 Nb6 11. Bb3 O-O 12. Bf4 dxe5 13. dxe5 Bd7 14. Rad1 Qc7 15. Qe4 g6 16. h4 Rfd8 17. h5 Be8 18. Be3 Rxd1 19. Rxd1 Rd8 20. Rc1 Nd7 21. hxg6 hxg6 22. Bf4 Nc5 23. Qe3 Nd3 24. Rf1 Bc5 25. Qe4 Nxf4 26. Qxf4 Nd4 27. Re1 Bc6 28. Ng5 Nf5 29. Qh2 Rd2 30. Qh7+ Kf8 31. Nce4 Bxe4 32. Qh8+ Ke7 33. Nxe4 Rxb2 34. Qf6+ Ke8 35. g4 Ne7 36. Rd1 Ng8 37. Qg7 Bf8 38. Qxg8 Qxe5 39. Nd6+ 1-0


[Site "https://www.chess.com"]

[Event "Titled Tuesday Blitz May 30 Late 2023"]
[White "brm72"]
[Black "Matinian, Nikita"]
[BlackFideId "24129100"]
[WhiteElo "2598"]
[BlackElo "2422"]
[Result "0-1"]
[Round "07"]
[TimeControl "180+2"]
[Date "2023.05.31"]
[WhiteClock "0:00:07"]
[BlackClock "0:00:41"]

1. e4 d6 2. d4 g6 3. Nc3 Bg7 4. Nf3 Nf6 5. Be3 Nc6 6. Qd2 Bg4 7. O-O-O O-O 8. Bh6 Bxf3 9. gxf3 e5 10. d5 Nd4 11. Be2 c6 12. h4 cxd5 13. exd5 Qa5 14. Kb1 Bxh6 15. Qxh6 Rac8 16. Bd3 Rxc3 17. bxc3 Nxd5 18. cxd4 Qa3 19. Bc4 Nc3+ 20. Ka1 Nxd1 21. Rxd1 Qc3+ 22. Kb1 Qxc4 23. dxe5 Qb4+ 24. Ka1 Qc3+ 25. Kb1 dxe5 26. h5 Qxf3 27. Rd7 Qxh5 28. Qxh5 gxh5 29. Rxb7 f5 30. Rxa7 h4 31. Ra3 Rf6 32. Rh3 Rh6 33. a4 Kg7 34. a5 Kg6 35. a6 Kg5 36. Ra3 h3 37. a7 h2 38. a8=Q h1=Q+ 39. Qxh1 Rxh1+ 40. Kb2 Rf1 41. f3 Kf4 42. c4 Rf2+ 43. Kc1 Rxf3 44. Rxf3+ Kxf3 45. c5 e4 46. c6 e3 47. c7 e2 48. c8=Q e1=Q+ 49. Kc2 Qe4+ 50. Kc1 h5 51. Qh8 h4 52. Qf6 h3 53. Qg6 h2 54. Qh5+ Qg4 55. Qxh2 Qf4+ 56. Qxf4+ Kxf4 57. Kd1 Kf3 58. Ke1 Kg2 59. Ke2 f4 60. Ke1 f3 61. Kd2 f2 62. Ke2 f1=Q+ 0-1


[Site "https://www.chess.com"]

[Event "Titled Tuesday Blitz May 30 Late 2023"]
[White "Tristan, Leonardo"]
[Black "Thorfinnsson, Bragi"]
[WhiteFideId "113816"]
[BlackFideId "2300958"]
[WhiteElo "2461"]
[BlackElo "2322"]
[Result "1-0"]
[Round "07"]
[TimeControl "180+2"]
[Date "2023.05.31"]
[WhiteClock "0:00:07"]
[BlackClock "0:00:01"]

1. d4 Nf6 2. Nf3 g6 3. Bf4 Bg7 4. e3 b6 5. Be2 Bb7 6. O-O O-O 7. a4 a5 8. Nbd2 d6 9. h3 Nbd7 10. Bh2 Ne4 11. Nxe4 Bxe4 12. Nd2 Bb7 13. Bf3 Qc8 14. c3 Bxf3 15. Qxf3 c5 16. Qd5 Nf6 17. Qb3 Qa6 18. Nc4 Rab8 19. Qb5 Qa8 20. Nxb6 Qa7 21. dxc5 Ne4 22. Qd7 Rb7 23. Qc6 Nxc5 24. Nc4 Nb3 25. Rad1 Rc7 26. Qb5 Rb8 27. Qd5 Nc5 28. Nxd6 exd6 29. Bxd6 Nxa4 30. Bxc7 Qxc7 31. Ra1 Nxb2 32. Rxa5 Qxc3 33. Rc5 Qf6 34. Rfc1 h5 35. Rc6 Qe7 36. Rxg6 Na4 37. Rgc6 Nb6 38. Qxh5 Nd7 39. Rc7 Nf6 40. Rxe7 Nxh5 41. Rcc7 Rf8 42. e4 Nf6 43. g4 Nh7 44. f4 Bd4+ 45. Kg2 Bf6 46. Red7 Bg7 47. e5 Bh6 48. Kf3 Bg7 49. e6 Ng5+ 50. fxg5 fxe6+ 51. Ke4 Ba1 52. Re7 Ra8 53. Rxe6 Bg7 54. h4 Kh8 55. h5 Ra4+ 56. Kd5 Ra5+ 57. Rc5 Ra4 58. Rc8+ Kh7 59. Rc7 Ra5+ 60. Kc4 Rxg5 61. Rg6 Rxg6 62. hxg6+ Kxg6 63. Kd3 Be5 64. Rc4 Kg5 65. Ke2 Bb2 66. Kf3 Ba1 67. Ra4 Bb2 68. Ra6 Bc1 69. Rc6 Bb2 70. Rc5+ Kf6 71. g5+ Kg6 72. Kg4 Bd4 73. Rc6+ Kf7 74. Kf5 Kg7 75. Rc7+ Kf8 76. Kg6 Ba1 77. Rc8+ Ke7 78. Kh7 Kd7 79. Ra8 Bd4 80. g6 Ke7 81. g7 1-0


[Site "https://www.chess.com"]

[Event "Titled Tuesday Blitz May 30 Late 2023"]
[White "Rastbod, Ali"]
[Black "Golubev, Mikhail"]
[WhiteFideId "12567477"]
[BlackFideId "14100983"]
[WhiteElo "2274"]
[BlackElo "2374"]
[Result "1-0"]
[Round "07"]
[TimeControl "180+2"]
[Date "2023.05.31"]
[WhiteClock "0:02:03"]
[BlackClock "0:00:09"]

1. Nf3 d6 2. d4 Nf6 3. Bg5 Nbd7 4. Nbd2 e5 5. e3 Be7 6. Bc4 e4 7. Ng1 d5 8. Be2 h6 9. Bh4 Nf8 10. c4 c6 11. Rc1 Ng6 12. Bg3 Be6 13. Nh3 Bxh3 14. gxh3 Qd7 15. Bg4 Nxg4 16. Qxg4 Qxg4 17. hxg4 Rd8 18. h4 h5 19. g5 O-O 20. Ke2 Rd7 21. f3 exf3+ 22. Nxf3 f6 23. b3 Rf7 24. cxd5 cxd5 25. Rc8+ Kh7 26. Rhc1 fxg5 27. hxg5 Bd6 28. Rh1 h4 29. Bxh4 Nxh4 30. Nxh4 1-0


[Site "https://www.chess.com"]

[Event "Titled Tuesday Blitz May 30 Late 2023"]
[White "Sieciechowicz, Marcin"]
[Black "Mortazavi, Ali"]
[WhiteFideId "1130170"]
[BlackFideId "401323"]
[WhiteElo "2302"]
[BlackElo "2339"]
[Result "1/2-1/2"]
[Round "07"]
[TimeControl "180+2"]
[Date "2023.05.31"]
[WhiteClock "0:01:14"]
[BlackClock "0:00:41"]

1. d4 Nf6 2. Bf4 g6 3. e3 Bg7 4. Nf3 O-O 5. Be2 d6 6. O-O c5 7. c3 Be6 8. Nbd2 Qb6 9. Qc2 Nc6 10. Nc4 Bxc4 11. Bxc4 Rac8 12. Qb3 Nd7 13. Qxb6 Nxb6 14. Be2 cxd4 15. exd4 Nd5 16. Bg3 Bh6 17. Rfe1 Rfe8 18. h3 a6 19. Bc4 Nf4 20. Bf1 e5 21. dxe5 dxe5 22. Rad1 Rcd8 23. Rxd8 Rxd8 24. Nxe5 Nxe5 25. Rxe5 Rd1 26. Bxf4 Bxf4 27. Re7 b5 28. g3 Bc1 29. Re2 Rd2 30. Rxd2 Bxd2 31. c4 bxc4 32. Bxc4 a5 33. Kg2 Kf8 34. Kf3 Ke7 35. Ke4 f5+ 36. Kd3 Bc1 37. b3 f4 38. g4 g5 39. Ke4 Kf6 40. Kd5 h6 41. f3 Bd2 42. Bd3 Bc1 43. Be4 Ba3 44. Kc4 Ke5 45. Kb5 Bb4 46. a3 Bxa3 47. Kxa5 Kd6 48. Kb5 Bc1 49. b4 Kc7 50. Kc5 Be3+ 51. Kc4 Kb6 52. Bd3 Bf2 53. Kd5 Be1 54. b5 Bf2 55. Ke6 Be1 56. Kf6 Bf2 57. Kg6 Bh4 58. Kxh6 Kc5 59. Be2 Kb6 60. Kg6 1/2-1/2


[Site "https://www.chess.com"]

[Event "Titled Tuesday Blitz May 30 Late 2023"]
[White "Garakov, Mikhael"]
[Black "Martinez Ramirez, Lennis"]
[WhiteFideId "4169034"]
[BlackFideId "3509079"]
[WhiteElo "2347"]
[BlackElo "2410"]
[Result "0-1"]
[Round "07"]
[TimeControl "180+2"]
[Date "2023.05.31"]
[WhiteClock "0:00:06"]
[BlackClock "0:00:42"]

1. e4 c5 2. Nf3 Nc6 3. Bb5 g6 4. O-O Bg7 5. Nc3 Nf6 6. e5 Ng4 7. Bxc6 dxc6 8. Re1 Qc7 9. Qe2 Nh6 10. h3 Nf5 11. Ne4 Qb6 12. c3 Be6 13. g4 Nh6 14. d3 Qa5 15. Be3 b6 16. a3 Qa6 17. b4 c4 18. d4 O-O-O 19. a4 Bd5 20. Ned2 f5 21. g5 Nf7 22. Bf4 e6 23. Reb1 h6 24. b5 Qb7 25. a5 hxg5 26. Nxg5 Nxg5 27. Bxg5 Rxh3 28. f3 Rdh8 29. Qg2 cxb5 30. axb6 a6 31. Bf4 Qxb6 32. Kf2 Kb7 33. Qxg6 Qc7 34. Rg1 Bf8 35. Qf6 Be7 36. Qf7 R8h7 37. Qg8 Rh8 38. Qg7 R3h7 39. Qg3 Bh4 0-1


[Site "https://www.chess.com"]

[Event "Titled Tuesday Blitz May 30 Late 2023"]
[White "Moral Garcia, Serafin"]
[Black "Danielyan, Vahe"]
[WhiteFideId "2201925"]
[BlackFideId "13304828"]
[WhiteElo "2274"]
[BlackElo "2423"]
[Result "1-0"]
[Round "07"]
[TimeControl "180+2"]
[Date "2023.05.31"]
[WhiteClock "0:00:15"]
[BlackClock "0:00:09"]

1. e4 c5 2. Nf3 e6 3. c3 d5 4. exd5 exd5 5. d4 Nf6 6. Bb5+ Bd7 7. Qe2+ Be7 8. dxc5 O-O 9. Be3 Re8 10. b4 Ng4 11. O-O Bf6 12. Bxd7 Nxd7 13. Nd4 a5 14. Qxg4 axb4 15. cxb4 Ne5 16. Qe2 Nc4 17. Qd3 Qe7 18. Re1 Qe4 19. Qxe4 Rxe4 20. Rd1 Nb2 21. Nc3 Rg4 22. Nxd5 Nxd1 23. Nxf6+ gxf6 24. Rxd1 Rxa2 25. Nf5 Kh8 26. Bd4 h5 27. Bxf6+ Kh7 28. Bc3 Rc4 29. Be1 Rf4 30. Nd6 Ra7 31. g3 Rf6 32. Bc3 Rf3 33. Bd2 Rd3 34. Kf1 Rd5 35. Ke2 b6 36. Be3 Ra2+ 37. Ke1 Rxd1+ 38. Kxd1 bxc5 39. bxc5 Kg6 40. c6 Ra6 41. Ne4 Rxc6 42. Ke2 Re6 43. Nd2 Rc6 44. Kf3 Rc2 45. Ne4 Ra2 46. Nc3 Ra3 47. Ne2 Ra6 48. Nf4+ Kg5 49. h4+ Kh6 50. Nd5+ Kg6 51. Ke4 Ra4+ 52. Bd4 Ra3 53. Nf4+ Kh6 54. Ke5 Ra6 55. Nd5 Re6+ 56. Kf5 Rd6 57. Be3+ Kg7 58. Nf4 Rf6+ 59. Kg5 Ra6 60. Nxh5+ Kh7 61. Nf4 Kg7 62. h5 Ra5+ 63. Kg4 Kh6 64. Nh3+ Kg7 65. Kh4 Ra4+ 66. g4 f6 67. Nf4 Re4 68. Kg3 Ra4 69. Kf3 Rb4 70. Ne6+ Kf7 71. Nd4 Ra4 72. Ke4 Ra5 73. f4 Kg7 74. Nf5+ Kh7 75. g5 Ra4+ 76. Kf3 fxg5 77. fxg5 Ra5 78. Kg4 Kg8 79. Bf4 Ra4 80. g6 Kh8 81. h6 Kg8 82. Kg5 Ra5 83. h7+ Kh8 84. Be3 Re5 85. Kg4 Re4+ 86. Kf3 Re5 87. Kf4 Re4+ 88. Kf3 Re5 89. Ng3 Kg7 90. Bd4 Kxg6 91. h8=Q Re3+ 92. Kxe3 1-0


[Site "https://www.chess.com"]

[Event "Titled Tuesday Blitz May 30 Late 2023"]
[White "Omariev, Maksim"]
[Black "Goryachkina, Aleksandra"]
[WhiteFideId "4193423"]
[BlackFideId "4147103"]
[WhiteElo "2492"]
[BlackElo "2471"]
[Result "0-1"]
[Round "07"]
[TimeControl "180+2"]
[Date "2023.05.31"]
[WhiteClock "0:00:07"]
[BlackClock "0:00:06"]

1. g4 d5 2. Bg2 c6 3. h3 e5 4. d4 e4 5. c4 Bb4+ 6. Nc3 Ne7 7. Qb3 a5 8. a3 dxc4 9. Qc2 Bxc3+ 10. bxc3 O-O 11. Bxe4 f5 12. Bg2 Be6 13. Nf3 Nd7 14. Rb1 b5 15. Ng5 Bd5 16. Bxd5+ cxd5 17. Ne6 Qb6 18. Nxf8 Rxf8 19. Bg5 Nc6 20. gxf5 b4 21. axb4 axb4 22. e4 b3 23. Qe2 Nxd4 24. cxd4 Qb4+ 25. Kf1 c3 26. Kg2 Nb6 27. f3 Nc4 28. Rhc1 Na3 29. Be7 Qxe7 30. Rxc3 Nxb1 31. Rxb3 Qg5+ 32. Kh2 Nd2 33. Rd3 Qf4+ 34. Kg2 dxe4 35. fxe4 Nxe4 36. Rf3 Qg5+ 37. Kh2 Nf6 38. Qe6+ Kh8 39. Rf2 Qh4 40. Qe3 Ng4+ 0-1


[Site "https://www.chess.com"]

[Event "Titled Tuesday Blitz May 30 Late 2023"]
[White "Mujumdar, Sameer"]
[Black "Sun, Rick"]
[WhiteFideId "2029707"]
[BlackFideId "30909481"]
[WhiteElo "2104"]
[BlackElo "2169"]
[Result "0-1"]
[Round "07"]
[TimeControl "180+2"]
[Date "2023.05.31"]
[WhiteClock "0:00:07"]
[BlackClock "0:00:07"]

1. d4 d6 2. Nf3 Nf6 3. Bf4 g6 4. Nc3 Bg7 5. Qd2 O-O 6. Bh6 Nc6 7. Bxg7 Kxg7 8. e4 e5 9. O-O-O Bg4 10. dxe5 Nxe5 11. Be2 Nxf3 12. gxf3 Bh5 13. h4 Qe7 14. Rhg1 a6 15. Rg5 h6 16. Rg3 b5 17. Nd5 Nxd5 18. Qxd5 Qxh4 19. Rdg1 Rae8 20. Qc6 Qf4+ 21. Kb1 Re5 22. Qxc7 Rc5 23. Qa5 Rfc8 24. Bd1 g5 25. Qe1 Bg6 26. Qe3 Qe5 27. Rh1 d5 28. Rgh3 dxe4 29. Rxh6 exf3 30. Qxf3 Qf5 31. Qxf5 Bxf5 32. Rxa6 Bxc2+ 33. Bxc2 Rxc2 34. Rf1 Re2 35. Rb6 Rc5 36. a3 f6 37. Ka2 Kg6 38. Kb3 Re4 39. Rd1 Rf5 40. Rd2 g4 41. Rc6 Rf3+ 42. Rc3 Rff4 43. Rg3 Kg5 44. Rgd3 f5 45. Rc2 Re5 46. Rdc3 Rfe4 47. Rc5 Rxc5 48. Rxc5 Re2 49. Rc2 Rxc2 50. Kxc2 f4 51. Kd2 Kh4 52. Ke2 Kh3 53. Kf1 Kh2 54. b3 g3 55. fxg3 fxg3 56. Ke2 g2 0-1


[Site "https://www.chess.com"]

[Event "Titled Tuesday Blitz May 30 Late 2023"]
[White "Timmermans, Mark"]
[Black "Jimenez Almeida, Luis David"]
[WhiteFideId "1026399"]
[BlackFideId "22242244"]
[WhiteElo "2460"]
[BlackElo "2245"]
[Result "0-1"]
[Round "07"]
[TimeControl "180+2"]
[Date "2023.05.31"]
[WhiteClock "0:00:21"]
[BlackClock "0:00:22"]

1. b4 e5 2. Bb2 Bxb4 3. Bxe5 Nf6 4. Nc3 Nc6 5. Bxf6 Qxf6 6. Nd5 Qd6 7. c4 O-O 8. Nf3 Re8 9. e3 Ne7 10. Nxe7+ Qxe7 11. Be2 a5 12. O-O Qf6 13. d4 Bf8 14. Rb1 d6 15. Nd2 g6 16. Bf3 c6 17. Qa4 Bg7 18. d5 b5 19. cxb5 cxb5 20. Qc2 Ba6 21. Ne4 Qe5 22. Qc6 b4 23. Rfd1 Red8 24. Rbc1 h6 25. Qb6 f5 26. Nd2 Qb2 27. h4 Qxa2 28. Rc7 Qb2 29. Qxa5 Kh7 30. Re7 Be2 31. Rxg7+ Qxg7 32. Qxd8 Rxd8 33. Bxe2 Rc8 34. Nf3 b3 35. Nd4 b2 36. Rb1 Rc1+ 0-1


[Site "https://www.chess.com"]

[Event "Titled Tuesday Blitz May 30 Late 2023"]
[White "Arnold, Ken"]
[Black "Domingo Nunez, Ruben"]
[WhiteFideId "2056836"]
[BlackFideId "22245570"]
[WhiteElo "2415"]
[BlackElo "2404"]
[Result "0-1"]
[Round "07"]
[TimeControl "180+2"]
[Date "2023.05.31"]
[WhiteClock "0:00:02"]
[BlackClock "0:00:21"]

1. d4 g6 2. Nf3 Bg7 3. g3 Nf6 4. Bg2 O-O 5. O-O d6 6. c4 Nbd7 7. Nc3 c5 8. Bg5 Rb8 9. Rc1 a6 10. e4 Ne8 11. e5 cxd4 12. exd6 Nxd6 13. Nxd4 h6 14. Bf4 e5 15. Nf3 Nxc4 16. Qe2 b5 17. Be3 Bb7 18. Rfd1 Qe8 19. b3 Nxe3 20. Qxe3 e4 21. Nd4 Nf6 22. h3 Qe5 23. a3 Rfe8 24. b4 h5 25. Nb3 h4 26. g4 Kh7 27. Qc5 e3 28. Qxe5 Rxe5 29. Nc5 Bxg2 30. Kxg2 exf2 31. Kxf2 a5 32. Rc2 Bh6 33. Re2 Rxe2+ 34. Nxe2 axb4 35. axb4 Re8 36. Rd3 Ne4+ 37. Nxe4 Rxe4 38. Nd4 Be3+ 39. Rxe3 Rxd4 40. Rb3 Kh6 41. Kf3 g5 42. Ke3 Rf4 43. Rb1 Kg6 44. Rb2 f5 45. gxf5+ Kxf5 46. Rb1 Re4+ 47. Kf3 Rc4 48. Ke3 Rc3+ 49. Kd4 Rxh3 50. Kc5 g4 51. Kxb5 g3 52. Kc4 g2 53. Rg1 Rg3 54. b5 h3 55. b6 h2 56. Rxg2 Rxg2 57. b7 Rg8 0-1


[Site "https://www.chess.com"]

[Event "Titled Tuesday Blitz May 30 Late 2023"]
[White "Gheorghiu, Calin"]
[Black "Jarovinsky, Alexey"]
[WhiteFideId "1200305"]
[BlackFideId "14115131"]
[WhiteElo "2223"]
[BlackElo "2446"]
[Result "0-1"]
[Round "07"]
[TimeControl "180+2"]
[Date "2023.05.31"]
[WhiteClock "0:00:19"]
[BlackClock "0:00:32"]

1. e4 Nc6 2. Nf3 d6 3. h3 Nf6 4. Nc3 g6 5. d4 Bg7 6. Be2 O-O 7. O-O Re8 8. Be3 e5 9. dxe5 Nxe5 10. Nxe5 Rxe5 11. f4 Re8 12. Bf3 Bd7 13. Qd3 Bc6 14. Rfe1 a5 15. a4 Nd7 16. Rad1 Nc5 17. Bxc5 dxc5 18. e5 Qxd3 19. Rxd3 c4 20. Bxc6 cxd3 21. Bxe8 Rxe8 22. cxd3 Rd8 23. Rd1 Rd4 24. g3 Rb4 25. Rd2 g5 26. d4 gxf4 27. gxf4 Bh6 28. Ne2 Rxa4 29. Kf2 Rc4 30. Kf3 a4 31. d5 Kf8 32. d6 cxd6 33. exd6 Ke8 34. Nd4 Kd7 35. h4 b5 36. h5 b4 37. Ke4 Bg7 38. Kd5 Rxd4+ 39. Rxd4 Bxd4 40. Kxd4 Kxd6 41. Kc4 a3 42. bxa3 bxa3 43. Kb3 Ke6 44. Kxa3 Kf5 45. Kb4 Kxf4 46. Kc5 Kg5 47. Kd5 Kxh5 0-1


[Site "https://www.chess.com"]

[Event "Titled Tuesday Blitz May 30 Late 2023"]
[White "Becerra, Juan David"]
[Black "Tanenbaum, Zachary"]
[WhiteFideId "4404998"]
[BlackFideId "2060850"]
[WhiteElo "2304"]
[BlackElo "2175"]
[Result "1/2-1/2"]
[Round "07"]
[TimeControl "180+2"]
[Date "2023.05.31"]
[WhiteClock "0:00:13"]
[BlackClock "0:00:13"]

1. e4 e5 2. Nf3 Nc6 3. Bc4 Nf6 4. d3 Be7 5. c3 O-O 6. O-O d5 7. exd5 Nxd5 8. h3 a6 9. Nbd2 Nb6 10. Bb3 Kh8 11. Re1 Bd6 12. Ne4 h6 13. d4 exd4 14. Nxd6 Qxd6 15. Nxd4 Nxd4 16. cxd4 Bd7 17. Qh5 Rae8 18. Rxe8 Rxe8 19. Be3 Be6 20. Bc2 Qf8 21. b3 Kg8 22. Rc1 Nd5 23. Be4 Nxe3 24. fxe3 c6 25. d5 cxd5 26. Bxd5 Bxd5 27. Qxd5 Qe7 28. Rc3 Qf6 29. Qd4 Qe7 30. Qd5 Rd8 31. Qf3 g6 32. e4 Rd2 33. Qe3 Qd7 34. Rc8+ Kh7 35. Qc3 Rd1+ 36. Kh2 Qd6+ 37. e5 Qb6 38. Qc5 Qxc5 39. Rxc5 Rd2 40. Rc7 Kg8 41. Rxb7 Rxa2 42. Rb8+ Kg7 43. Rb7 Re2 44. Rb6 Re3 45. Rxa6 Rxb3 46. Ra5 Re3 47. Kg1 Kf8 48. Kf2 Re4 49. Kf3 Rb4 50. Ra7 Kg7 51. e6 Kf6 52. exf7 Kg7 53. g4 Rb6 54. Ke4 Rf6 55. h4 Rf1 56. g5 hxg5 57. hxg5 Rf5 58. Rb7 Rxg5 59. Kf4 Rf5+ 60. Kg4 Kf8 61. Rc7 Kg7 62. Ra7 Rf6 63. Rb7 Re6 64. Ra7 Rd6 65. Rb7 Ra6 66. Rc7 Ra4+ 67. Kg5 Ra5+ 68. Kg4 Rf5 69. Rb7 Rxf7 70. Rxf7+ Kxf7 71. Kg5 Kg7 72. Kg4 Kf6 73. Kf4 g5+ 74. Kg4 Kg6 75. Kg3 Kf5 76. Kf3 g4+ 77. Kg3 Kg5 78. Kg2 Kh4 79. Kh2 Kh5 80. Kg3 Kg5 81. Kg2 Kf4 82. Kf2 g3+ 83. Kg2 Kg4 84. Kg1 Kf3 85. Kf1 Ke3 86. Kg2 Kf4 87. Kg1 Kg4 88. Kg2 Kh4 89. Kg1 Kh3 90. Kh1 g2+ 91. Kg1 Kg3 1/2-1/2


[Site "https://www.chess.com"]

[Event "Titled Tuesday Blitz May 30 Late 2023"]
[White "Tissir, Mohamed"]
[Black "Bashirli, Nail"]
[WhiteFideId "9000240"]
[BlackFideId "13406809"]
[WhiteElo "2458"]
[BlackElo "2311"]
[Result "0-1"]
[Round "07"]
[TimeControl "180+2"]
[Date "2023.05.31"]
[WhiteClock "0:00:15"]
[BlackClock "0:00:22"]

1. e4 c5 2. Nc3 a6 3. Nf3 b5 4. d4 cxd4 5. Nxd4 Bb7 6. Bd3 e6 7. O-O Nc6 8. Nb3 g6 9. Qe2 d6 10. f4 Nge7 11. f5 b4 12. Nd1 gxf5 13. exf5 e5 14. f6 Ng6 15. Be4 d5 16. Bxg6 hxg6 17. Ne3 e4 18. Rd1 Qd6 19. h3 Ne5 20. Na5 O-O-O 21. Nxb7 Kxb7 22. Rxd5 Qxf6 23. Rxd8 Qxd8 24. Ng4 Nxg4 25. Qxg4 Bc5+ 26. Kh1 f5 27. Qe2 Qd4 28. Bf4 Qf2 29. Qc4 Rxh3+ 30. gxh3 Qf3+ 31. Kh2 Qxf4+ 32. Kh1 Qf3+ 33. Kh2 Qf2+ 34. Kh1 Bd6 35. Qd5+ Kc7 36. Qc4+ Kb6 0-1


[Site "https://www.chess.com"]

[Event "Titled Tuesday Blitz May 30 Late 2023"]
[White "Kirillov, Dmitry"]
[Black "Kushko, Dmitriy"]
[WhiteFideId "34180572"]
[BlackFideId "14162261"]
[WhiteElo "2161"]
[BlackElo "2230"]
[Result "0-1"]
[Round "07"]
[TimeControl "180+2"]
[Date "2023.05.31"]
[WhiteClock "0:00:04"]
[BlackClock "0:00:06"]

1. e4 g6 2. d4 Bg7 3. Nf3 d6 4. Nc3 a6 5. a4 Nf6 6. Be2 O-O 7. O-O Nc6 8. h3 e5 9. dxe5 dxe5 10. Bg5 h6 11. Qxd8 Rxd8 12. Bxf6 Bxf6 13. Nd5 Kg7 14. Nxc7 Rb8 15. Nd5 Be6 16. c4 a5 17. Rfd1 Bxd5 18. Rxd5 Be7 19. Rad1 Kf6 20. b3 b6 21. g3 Bc5 22. Kg2 Ke6 23. Nxe5 Rxd5 24. exd5+ Kxe5 25. dxc6 Rc8 26. f4+ Ke6 27. Bf3 Be7 28. Bd5+ Kf6 29. Re1 Bd6 30. Kf3 h5 31. g4 hxg4+ 32. hxg4 Rh8 33. g5+ Kg7 34. c7 Rc8 35. Kg4 Rxc7 36. f5 gxf5+ 37. Kxf5 Bc5 38. Re8 Re7 39. Rc8 Bd4 40. Rc6 Re5+ 41. Kg4 Re7 42. Kh5 Be3 43. Rf6 Bd4 44. Rf5 Bc5 45. Kg4 Bd6 46. Rf6 Bc5 47. Kf4 Be3+ 48. Kf5 Bd4 49. Rc6 Re5+ 50. Kf4 Re7 51. Be4 Bc5 52. g6 f6 53. Bd5 Be3+ 54. Kg4 Bc5 55. Bf7 Re4+ 56. Kf5 Re3 57. Kf4 Rxb3 58. Rc7 Bd6+ 59. Kf5 Bxc7 60. Bd5 Rg3 61. Bf7 Rg5+ 62. Ke6 Rc5 63. Kd7 f5 0-1


[Site "https://www.chess.com"]